AoeStats
← ၁၂/တန်းရှီ

Arena

509880947Analyzed
1v1 RM · 5d ago on Sep 28, 2026· 48m 40s· 2 players
Game mode
Random Map
Map size
Tiny (2 player)
Population
200
Speed
Normal
Resources
Standard
Victory
Conquest
Starting age
Dark Age
Ending age
Imperial Age
RankedLock teamsTeams togetherTeam positionsShared explorationLock speedFull tech treeHidden civsTurbo modeCheats
Victory
Defeat
🇸🇬 Saxons · Singapore
1031
+17
🇺🇸 Ethiopians · United States
1043
-17
၁၂/တန်းရှီ
12:10 Feudal Age
16:03 Castle Age
14:27 Double-Bit Axe
14:23 Horse Collar
16:40 Loom
17:33 Bow Saw
20:38 Heavy Plow
24:58 Forging
24:50 Scale Mail Armor
25:31 Forging
25:25 Squires
25:11 Arson
26:17 Clerical Recruitment
30:29 Wheelbarrow
30:50 Gold Mining
30:53 Stone Mining
35:22 Imperial Age
35:40 Hand Cart
37:03 Conscription
38:02 Iron Casting
37:52 Chain Mail Armor
39:04 Redemption
38:48 Elite Hearth Troop
40:09 Town Watch
39:55 Shield Wall
43:09 Plate Mail Armor
42:31 Fletching
42:13 Man-at-Arms
42:38 Gambesons
42:18 Elite Varangian Guard
43:47 Town Patrol
44:50 Onager
47:15 Ballistics
46:58 Padded Archer Armor
46:55 Bodkin Arrow
Vinvinn
5:58 Loom
11:02 Feudal Age
11:46 Double-Bit Axe
15:29 Castle Age
14:23 Horse Collar
16:27 Bow Saw
19:22 Fletching
21:15 Bodkin Arrow
21:57 Crossbowman
23:28 Padded Archer Armor
35:34 Imperial Age
33:20 Gold Mining
33:20 Stone Mining
33:49 Scale Barding Armor
33:54 Forging
35:29 Light Cavalry
36:31 Chain Barding Armor
36:23 Forging
36:32 Heavy Plow
37:16 Siege Engineers
37:24 Hussar
40:29 Conscription
40:31 Husbandry
41:08 Iron Casting
42:34 Wheelbarrow
41:45 Town Watch
42:18 Torsion Engines
Connection lost

Rejoining the realm…

Still unreachable

The connection could not be restored.

Session expired

The server has moved on; the page needs a fresh start.